 Dungeon Crawl Stone Soup version 0.32-a0-22-g6ae6769602 (webtiles) character file.

Game seed: 8120635892028529401

6039 seren the Mimic (level 10, -1/73 HPs)
             Began as a Purple Draconian Shapeshifter on Jan 18, 2024.
             Slain by Fannar
             ... wielding a +0 quarterstaff of freezing
              (10 damage)
             ... on level 10 of the Dungeon.
             The game lasted 00:25:39 (10281 turns).

seren the Mimic (Purple Draconian Shapeshifter)    Turns: 10281, Time: 00:25:40

Health: -1/73      AC:  9    Str: 24    XL:     10   Next: 56%
Magic:  10/10      EV: 14    Int: 10    God:
Gold:   159        SH:  0    Dex: 13    Spells: 9/9 levels left

rFire   x .          .
                       - Unarmed
rCold   + . .        (no shield)
rNeg    . . .        (body armour unavailable)
rPois   .            (helmet restricted)
rElec   .            (no cloak)
rCorr   .            y - +0 pair of gloves
SInv    .            g - +0 pair of boots
Will    +....        (no amulet)
Stlth   ++           m - ring "Tihuriwe" {rF- rC+ Str+5}
HPRegen 0.32/turn    (no ring)
MPRegen 0.12/turn

%: no passive effects
@: maw-form
A: devouring maw, reduced hp, breathe power, AC +7, unfitting armour,
cold-blooded
a: Breathe Dispelling Energy, Begin Untransformation


You were on level 10 of the Dungeon.
You were a creature with a mouth for a stomach.
You visited 2 branches of the dungeon, and saw 11 of its levels.

You collected 415 gold pieces.
You spent 256 gold pieces at shops.

Inventory:

Missiles
 a - 44 stones
 i - 27 poisoned darts (quivered)
 p - 4 curare-tipped darts
Armour
 g - a +0 pair of boots (worn)
 y - a +0 pair of gloves (worn)
Jewellery
 m - the ring "Tihuriwe" (left hand) {rF- rC+ Str+5}
   (You found it on level 2 of the Dungeon)

   [ring of protection from cold]

   Str+5:     It affects your strength (+5).
   rF-:       It makes you vulnerable to fire.
   rC+:       It protects you from cold.
Talismans
 b - a beast talisman
 c - a flux talisman
 G - a blade talisman
 J - a maw talisman (active)
Wands
 r - a wand of roots (12)
 H - a wand of charming (26)
 Q - a wand of flame (13)
Scrolls
 d - 2 scrolls of poison {unknown}
 e - 2 scrolls of enchant weapon {unknown}
 f - a scroll of amnesia {unknown}
 h - 2 scrolls of fear
 j - 3 scrolls of teleportation {!r}
 l - 7 scrolls of immolation
 n - 2 scrolls of revelation {unknown}
 s - a scroll of fog {unknown}
 w - 2 scrolls of torment
 A - a scroll of brand weapon {unknown}
 B - a scroll of blinking {unknown}
 D - a scroll of acquirement {unknown}
 F - a scroll of silence {unknown}
 K - a scroll of enchant armour {unknown}
 L - 5 scrolls of vulnerability {unknown}
 P - a scroll of identify
Potions
 k - a potion of magic
 o - 4 potions of mutation {!q}
 q - a potion of haste {unknown}
 t - a potion of attraction
 u - 4 potions of curing
 v - 2 potions of enlightenment
 x - a potion of cancellation {unknown}
 z - 3 potions of degeneration
 C - a potion of ambrosia
 E - 2 potions of heal wounds
 I - 3 potions of invisibility
 M - a potion of brilliance {unknown}
 N - a potion of might
 O - a potion of lignification


   Skills:
 + Level 7.9 Fighting
 + Level 6.9 Dodging
 - Level 3.0 Stealth
 + Level 7.8 Unarmed Combat
 + Level 4.4 Evocations
 * Level 8.3 Shapeshifting


You had 9 spell levels left.
You didn't know any spells.
Your spell library contained the following spells:

 Spells                   Type           Power      Damage    Failure   Level
 Blink                    Tloc           0%         N/A       50%         2
 Lesser Beckoning         Tloc           0%         N/A       50%         2
 Momentum Strike          Conj/Tloc      0%         3d8       50%         2
 Tukima's Dance           Hex            0%         N/A       75%         3
 Dimensional Bullseye     Hex/Tloc       0%         N/A       98%         4
 Iskenderun's Mystic Bla  Conj/Tloc      0%         2d3       98%         4


Dungeon Overview and Level Annotations

Branches:
Dungeon (10/15)            Temple (1/1) D:7
   Lair: D:8-11         Orc: D:9-12

Altars:
Ashenzari
Cheibriados
Dithmenos
Elyvilon
Fedhas
Gozag
Hepliaklqana
Kikubaaqudgha
Makhleb
Nemelex Xobeh
Okawaru
Qazlal
Ru
Sif Muna
Trog
Uskayaw
Vehumet
Wu Jian
Xom
Yredelemnul
Zin
The Shining One

Shops:
D:7 :*=   D:8 !

Annotations:
D:10 exclusions: death yak and manticore, Fannar


Innate Abilities, Weirdness & Mutations

You are a creature with a mouth for a stomach.
Your midsection houses a second, enormous mouth.
Your maximum health is decreased, since you lack skill for your form.
You can breathe bolts of dispelling energy.
Your rich purple scales are hard. (AC +7)
You cannot fit into any form of body armour.
You are cold-blooded and may be slowed by cold attacks.


Message History

You punch the ice beast!
The ice beast is moderately wounded.
The ice beast completely misses you.
Fannar gestures wildly while chanting.
Fannar drains the heat from the surrounding environment!
You resist.
* * * LOW HITPOINT WARNING * * *
You pummel the ice beast!!
The ice beast is almost dead.
The ice beast completely misses you. Fannar casts a spell at you.
The bolt of cold hits you!! You resist.
* * * LOW HITPOINT WARNING * * *
You hit Fannar. Your bite misses Fannar.
Fannar is lightly wounded.
The ice beast closely misses you.
Fannar hits you with a +0 quarterstaff of freezing.
* * * LOW HITPOINT WARNING * * *
Fannar freezes you.
* * * LOW HITPOINT WARNING * * *
You punch Fannar! You tail-slap Fannar. Your bite misses Fannar.
Fannar is moderately wounded.
The ice beast hits you.
* * * LOW HITPOINT WARNING * * *
The ice beast freezes you. You resist.
* * * LOW HITPOINT WARNING * * *
Fannar hits you with a +0 quarterstaff of freezing.
* * * LOW HITPOINT WARNING * * *
You closely miss Fannar.
Fannar is moderately wounded.
You hit Fannar but do no damage. You tail-slap Fannar. You bite Fannar.
Fannar is moderately wounded.
The ice beast barely misses you.
Fannar hits you with a +0 quarterstaff of freezing.
* * * LOW HITPOINT WARNING * * *
You miss Fannar. Your bite misses Fannar.
Fannar is moderately wounded.
The ice beast misses you.
Fannar hits you with a +0 quarterstaff of freezing!
You die...

######. .###### #.
.e.....#....... # ##
#.## .# # ## ##.##
##'## # # #.# ##.#
##...## # #.##..###.##
##.....## # ......#.##
##.......## #
#....e####.........####
##...YW..'...[.....'...
##...####.........###.
##.## ##.......## #.
#.# ##....### ## #.#
##...### #.# ##+..)#
#.# #.##).# #.# #.#
#.... #.# ##.## #.#.#


You could see Fannar and an ice beast (summoned).

Vanquished Creatures
  Maurice (D:8)
  Maggie (D:6)
  Grinder (D:4)
  A wyvern (D:10)
  4 yaks (D:9)
  A steam dragon (D:6)
  2 water moccasins (D:7)
  3 ice beasts
  2 black bears
  A sky beast (D:7)
  An ogre (D:5)
  2 centaurs
  A phantom (D:6)
  2 kobold brigands
  6 bullfrogs
  A gnoll sergeant (D:9)
  4 scorpions
  9 wights
  15 killer bees
  4 howler monkeys
  3 bombardier beetles
  2 jellies
  3 hounds
  A gnoll bouda (D:6)
  4 iguanas
  4 orc priests
  Jessica (D:2)
  A sleepcap (D:6)
  Natasha (thrice) (D:2)
  13 orc wizards
  9 adders
  4 gnolls
  A shadow imp (D:7)
  3 white imps
  2 ufetubi (D:6)
  A ribbon worm (D:5)
  39 orcs
  8 ball pythons
  3 bats (D:2)
  4 endoplasms
  4 giant cockroaches
  14 goblins
  5 hobgoblins
  5 jackals (D:2)
  A quokka (D:1)
  A frilled lizard (D:2)
  7 kobolds
  2 rats
210 creatures vanquished.

Notes
Turn   | Place    | Note
-------+----------+-------------------------------------------
     0 | D:1      | seren the Draconian Shapeshifter began the quest for the
                  | Orb.
     0 | D:1      | Reached XP level 1. HP: 16/16 MP: 1/1
   275 | D:1      | You fall into a shaft and drop 1 floor!
   288 | D:2      | Reached XP level 2. HP: 21/23 MP: 2/2
   424 | D:2      | Noticed Natasha
   441 | D:2      | Killed Natasha
   442 | D:2      | Reached XP level 3. HP: 6/29 MP: 3/3
   725 | D:2      | Noticed Jessica
   730 | D:2      | Killed Jessica
   731 | D:2      | Reached XP level 4. HP: 37/37 MP: 4/4
   757 | D:2      | Noticed Natasha
   765 | D:2      | Killed Natasha
   798 | D:2      | Identified the ring "Tihuriwe" {rF- rC+ Str+5}
  1092 | D:2      | Noticed Natasha
  1105 | D:2      | Killed Natasha
  1106 | D:2      | Reached XP level 5. HP: 23/42 MP: 5/5
  1235 | D:3      | Found an ornate altar of the Wu Jian Council.
  1236 | D:3      | Found a basalt altar of Yredelemnul.
  1853 | D:3      | Reached skill level 4 in Shapeshifting
  2122 | D:4      | Reached XP level 6. HP: 46/51 MP: 6/6
  2388 | D:4      | Noticed Grinder
  2403 | D:4      | Killed Grinder
  2425 | D:4      | Your scales start taking on a rich purple colour.
  2425 | D:4      | Reached XP level 7. HP: 24/59 MP: 7/7
  3465 | D:5      | Entered Level 5 of the Dungeon
  3760 | D:5      | Reached skill level 5 in Unarmed Combat
  4460 | D:5      | Reached skill level 1 in Stealth
  5106 | D:6      | Reached skill level 5 in Shapeshifting
  5236 | D:6      | Reached XP level 8. HP: 35/67 MP: 8/8
  5374 | D:6      | Reached skill level 5 in Fighting
  5549 | D:6      | Found an ancient bone altar of Kikubaaqudgha.
  5549 | D:6      | Found a stormy altar of Qazlal.
  5557 | D:6      | Found an iron altar of Okawaru.
  5568 | D:6      | Found a faded altar of an unknown god.
  5570 | D:6      | Found an opulent altar of Gozag.
  5670 | D:6      | Noticed Maggie
  5680 | D:6      | Killed Maggie
  5681 | D:6      | Reached skill level 5 in Dodging
  5953 | D:5      | Reached XP level 9. HP: 45/75 MP: 9/9
  6135 | D:6      | Reached skill level 6 in Shapeshifting
  6413 | D:7      | Found Pypp's Jewellery Shop.
  6752 | D:7      | Reached skill level 1 in Evocations
  6924 | D:7      | Found Ytodoili's Book Emporium.
  7308 | D:7      | Reached skill level 7 in Shapeshifting
  7309 | D:7      | Found Nuhow's Assorted Antiques.
  7332 | D:7      | Noticed Maurice
  7427 | D:7      | Found a staircase to the Ecumenical Temple.
  7436 | Temple   | Entered the Ecumenical Temple
  7998 | D:8      | Something stole a blade talisman
  7999 | D:8      | Something stole 27 poisoned darts
  8002 | D:8      | Something stole 276 gold
  8041 | D:8      | Killed Maurice
  8042 | D:8      | Reached XP level 10. HP: 13/86 MP: 10/10
  8794 | D:8      | Found Canorumi's Distillery.
  8802 | D:8      | Bought a potion of curing for 48 gold pieces
  8802 | D:8      | Bought a potion of heal wounds for 80 gold pieces
  8802 | D:8      | Bought a potion of might for 64 gold pieces
  8802 | D:8      | Bought a potion of lignification for 48 gold pieces
  8802 | D:8      | Bought a potion of degeneration for 16 gold pieces
  9523 | D:9      | Reached skill level 8 in Shapeshifting
  9968 | D:10     | Entered Level 10 of the Dungeon
 10070 | D:10     | Noticed a death yak
 10207 | D:10     | Noticed a manticore
 10244 | D:10     | Noticed Fannar
 10281 | D:10     | Slain by Fannar

Illustrated notes

Levels and vault maps discovered:
D:1:      lightli_arrival_chessboard, layout_loops_ring,
          nicolae_ecumenical_snake_handling, minmay_vboxes
D:2:      layout_loops_ring, uniq_natasha, uniq_jessica
D:3:      layout_basic, chequers_temple_overflow_statue_of_worship
D:4:      layout_basic, kennysheep_generic_room_16, uniq_grinder
D:5:      layout_basic
D:6:      cheibrodos_barr_body, layout_loops_ring,
          chequers_temple_overflow_minitemple,
          eino_small_chamber_without_monster, uniq_maggie
D:7:      layout_basic, lemuel_temple_firewalk_b, serial_shops, shop,
          nicolae_shop_real_fake_doors, shop, st_stairs_3, nicolae_sextant,
          nrook_campfire, uniq_maurice
D:8:      layout_basic, serial_shops, shop, st_stairs_7
D:9:      layout_cave_pools, enter_bailey_4, nicolae_twisty_statue_hallways
D:10:     layout_loops_corners, dpeg_lair_monsters, erik_orc_3, uniq_fannar
Temple:   nicolae_temple_superstar

Skill      XL: |  1  2  3  4  5  6  7  8  9 10 |
---------------+-------------------------------+-----
Dodging        | 2 3 4 5 6 |  6.9
Fighting       | 2 3 4 6 7 |  7.9
Unarmed Combat | 4 5 6 7 |  7.8
Shapeshifting  | 4 5 7 8 |  8.3
Stealth        | 1 3 |  3.0
Evocations     | 3 4 |  4.4

Action                     |  1- 3 |  4- 6 |  7- 9 | 10-12 || total
---------------------------+-------+-------+-------+-------++-------
  Melee: Unarmed           |    77 |   118 |   391 |   199 ||   785
         Tailslap          |     7 |    13 |    65 |    30 ||   115
         Punch             |     2 |     5 |     6 |     6 ||    19
         Maw               |       |       |       |    50 ||    50
  Throw: Dart              |       |       |       |     2 ||     2
Ability: Begin Untransform |     1 |       |     1 |       ||     2
  Evoke: Wand              |       |       |       |     1 ||     1
    Use: Potion            |     1 |       |     6 |       ||     7
         Scroll            |       |     3 |     4 |     3 ||    10
   Stab: Sleeping          |       |     1 |     1 |     1 ||     3
 Armour: Skin              |    54 |    38 |   204 |   110 ||   406
  Dodge: Dodged            |    45 |    54 |   292 |   132 ||   523
   Form: Beast             |     1 |       |     1 |       ||     2
         Flux              |       |       |     1 |       ||     1
         Maw               |       |       |       |     1 ||     1

Table legend: (Time is in decaauts)
 A = Elapsed time spent in this place.
 B = Non-inter-level travel time spent in this place.
 C = Inter-level travel time spent in this place.
 D = Time resting spent in this place.
 E = Time spent auto-exploring this place.
 F = Levels seen in this place.
 G = Mean time per level.
                   A        B        C        D        E       F      G
               +--------+--------+--------+--------+--------+-----+--------+
         Total |  10223 |   9803 |    420 |   2187 |   5233 |  11 |  929.4 |
       Dungeon |  10199 |   9779 |    420 |   2187 |   5233 |  10 | 1019.9 |
        Temple |     23 |     23 |      0 |      0 |      0 |   1 |   23.0 |
               +--------+--------+--------+--------+--------+-----+--------+

Top non-repeatable levels by time:
     D:7: 1592 daAuts
     D:5: 1560 daAuts
     D:4: 1446 daAuts
     D:8: 1389 daAuts
     D:6: 1090 daAuts
     D:2: 941 daAuts
     D:3: 932 daAuts
     D:9: 696 daAuts
    D:10: 275 daAuts
     D:1: 274 daAuts
  Temple: 23 daAuts
